 Dungeon Crawl Stone Soup version 0.16-a0-2970-ge3807df (webtiles) character file.

2049 Kemay the Martial Artist (level 9, -8/79 HPs)
             Began as an Octopode Transmuter on Dec 5, 2014.
             Mangled by an orc warrior
             ... wielding a +0 glaive
              (13 damage)
             ... on level 6 of the Dungeon.
             The game lasted 00:24:30 (7207 turns).

Kemay the Martial Artist (Octopode Transmuter)      Turns: 7207, Time: 00:24:30

Health: -8/79      AC: 29    Str:  8    XL:     9   Next: 25%
Magic:  12/12      EV:  2    Int: 13    God:
Gold:   347        SH:  0    Dex: 21    Spells: 2 memorised, 6 levels left

rFire  . . .     SeeInvis .     n - +4 dagger (protect)
rCold  . . .     Clarity  .     (no shield)
rNeg   + + +     SustAb   .     (helmet currently unavailable)
rPois  +         Gourm    .     (no amulet)
rElec  .         Spirit   .     r - ring of positive energy
rCorr  .         Warding  .     x - +1 ring of dexterity
rMut   .         NoTele   +     (no ring)
MR     +....                    (no ring)
Stlth  +++.......               (no ring)
                                (no ring)
                                (no ring)
                                (no ring)

@: agile, tree-form, somewhat resistant to hostile enchantments, fairly stealthy
A: almost no armour, amphibious, 8 rings, (constrict 8), (tentacle spike 0),
(camouflage 0), dopey 1, low mp 1, magic resistance 1, (poison resistance), weak
1, (gelatinous body 0), MP-powered wands 1
a: no special abilities


You were on level 6 of the Dungeon.
You were not hungry.
You were a tree.
You visited 1 branch of the dungeon, and saw 6 of its levels.

You collected 347 gold pieces.

Inventory:

Hand weapons
 k - a +2 dagger of pain
 l - a +2 halberd of venom
 n - a +4 dagger of protection (weapon)
 p - a +1 mace of protection
 q - a +1 short sword of speed
 y - a +1 flail of holy wrath
Jewellery
 r - a ring of positive energy (left branch)
 x - a +1 ring of dexterity (right branch)
Magical devices
 e - a wand of random effects (25)
Scrolls
 b - 3 scrolls of teleportation
 h - a scroll of recharging
 m - a scroll of enchant armour
 t - 2 scrolls of remove curse
 w - a scroll of magic mapping
Potions
 c - a potion of haste
 g - a potion of restore abilities
 j - a potion of curing
Books
 d - a book of Changes

   Spells                             Type                      Level
   a - Beastly Appendage              Transmutation                1
   b - Sticks to Snakes               Transmutation                2
   c - Spider Form                    Transmutation/Poison         3
   d - Ice Form                       Ice/Transmutation            4
   e - Blade Hands                    Transmutation                5
Comestibles
 a - 5 bread rations
 f - 4 meat rations
 i - 2 royal jellies
 o - a beef jerky
 s - 2 fruits
 A - a slice of pizza
 B - a chunk of flesh


   Skills:
 - Level 1.0 Fighting
 + Level 8.5 Dodging
 + Level 9.1 Unarmed Combat
 - Level 2.0 Spellcasting
 - Level 2.0 Transmutations


You had 6 spell levels left.
You knew the following spells:

 Your Spells              Type           Power        Failure   Level  Hunger
a - Beastly Appendage     Trmt           #.....       12%         1    ##.....
b - Blade Hands           Trmt           #.........   100%        5    ######.


Dungeon Overview and Level Annotations

Branches:
Dungeon (6/15)
 Temple: D:4-7

Altars:
Dithmenos
Gozag
Kikubaaqudgha
Ru
Trog
The Shining One


Innate Abilities, Weirdness & Mutations

You cannot wear most types of armour.
You are amphibious.
You can wear up to eight rings at the same time.
((You can use your tentacles to constrict many enemies at once.))
((Your skin changes colour to match your surroundings (Stealth).))
((Your rubbery body absorbs attacks (AC +1).))
((One of your tentacles bears a spike.))
You are dopey. (Int -2)
Your magical capacity is low (-10% MP).
You are resistant to hostile enchantments.
((Your system is resistant to poisons.))
You are weak. (Str -2)
You expend magic power (6 MP) to slightly strengthen your wands.


Message History

You constrict the orc warrior, but do no damage.
Drink which item? (? for menu, Esc to quit)
It was a potion of lignification.
You turn into a tree.
Your roots penetrate the ground.
You lose your grip on the orc warrior.
The orc shouts!
The orc warrior hits you but does no damage.
The orc priest calls upon Beogh to heal the orc warrior.
The orc warrior's wounds heal themselves!
You hit the orc warrior.
The orc warrior is lightly wounded.
The orc warrior hits you but does no damage.
The orc priest becomes somewhat translucent.
Drink which item? (? for menu, Esc to quit)
It was a potion of poison.
You feel slightly nauseous.
The orc warrior hits you but does no damage.
You barely miss the orc warrior.
You punch the orc warrior, but do no damage.
The orc warrior is lightly wounded.
The orc warrior hits you with a glaive!
You die...

#.. #...# ### ########### #.#
#...# ###8###8###8### ..# #...#
#.............### ..# #...#
#................ ..# #...#
#.............###
..#######...#####.#8###⌠###8#...#
................>.#############.#
###...###...######...#####.####.#
........'...oooo♣....'.........Y.
###....##.[o######...#########...
#...........# ##### #.........
###...........# #.........
.##...........# #.........
.##...........# #######...
.##....##.##### #... .......##.#
#... .##...###.# #...


You could see an orc warrior, 2 orc priests and 2 orcs.

Vanquished Creatures
  The ghost of Kemay the Ducker, an experienced OpTm (D:4)
  Grinder (D:5)
  2 centaurs (D:5)
  An ice beast (D:6)
  2 ogres (D:5)
  3 eyes of draining (D:3)
  Duvessa (D:5)
  The ghost of Chiseanne the Nimble, an average SpWn of Okawaru (D:3)
  2 scorpions
  4 jellies
  A giant frog zombie (D:5)
  Dowan (D:5)
  3 orc priests
  A hound (D:4)
  4 orc wizards
  An iguana (D:5)
  Jessica (D:3)
  4 adders
  4 gnolls
  A giant mite (D:5)
  2 shadow imps (D:6)
  3 worms
  2 oozes
  15 orcs
  11 bats
  A bat skeleton (D:5)
  4 giant cockroaches
  11 hobgoblins
  2 jackals (D:4)
  11 kobolds
  5 quokkas
  2 ball pythons (D:1)
  A giant cockroach zombie (D:5)
  2 giant geckos
  5 giant newts
  7 goblins
  A jackal zombie (D:6)
  10 rats
134 creatures vanquished.

Notes
Turn   | Place    | Note
--------------------------------------------------------------
     0 | D:1      | Kemay, the Octopode Transmuter, began the quest for the Orb.
     0 | D:1      | Reached XP level 1. HP: 13/13 MP: 3/3
   392 | D:1      | Reached XP level 2. HP: 16/18 MP: 2/4
  1074 | D:2      | Reached XP level 3. HP: 23/23 MP: 4/6
  1128 | D:2      | Reached skill level 4 in Unarmed Combat
  1128 | D:2      | Reached XP level 4. HP: 20/28 MP: 5/7
  1349 | D:3      | Noticed Chiseanne's ghost (average SpWn)
  1476 | D:2      | Found a shadowy altar of Dithmenos.
  2326 | D:3      | Killed Chiseanne's ghost
  2326 | D:3      | Reached XP level 5. HP: 24/33 MP: 9/9
  2443 | D:3      | Found a sacrificial altar of Ru.
  2652 | D:3      | Reached skill level 5 in Unarmed Combat
  2679 | D:3      | Noticed Jessica
  2692 | D:3      | Killed Jessica
  2968 | D:3      | Reached XP level 6. HP: 5/38 MP: 10/10
  3217 | D:3      | Gained mutation: You expend magic power (6 MP) to slightly strengthen your wands. [potion of mutation]
  3217 | D:3      | Gained mutation: Your magical capacity is low (-10% MP). [potion of mutation]
  3217 | D:3      | Gained mutation: You are weak. (Str -2) [potion of mutation]
  3218 | D:3      | Gained mutation: One of your tentacles bears a spike. [potion of mutation]
  3218 | D:3      | Gained mutation: Your system is resistant to poisons. [potion of mutation]
  3219 | D:3      | Gained mutation: You are resistant to hostile enchantments. [potion of mutation]
  3219 | D:3      | Gained mutation: You are dopey. (Int -2) [potion of mutation]
  3333 | D:3      | Noticed an eye of draining
  3337 | D:3      | Found a bloodstained altar of Trog.
  3337 | D:3      | Noticed an eye of draining
  3338 | D:3      | Noticed an eye of draining
  3385 | D:3      | Killed an eye of draining
  3395 | D:3      | Killed an eye of draining
  3395 | D:3      | Reached skill level 5 in Dodging
  3395 | D:3      | Reached skill level 6 in Unarmed Combat
  3395 | D:3      | Reached XP level 7. HP: 43/43 MP: 1/10
  3408 | D:3      | Killed an eye of draining
  3509 | D:3      | Found an opulent altar of Gozag.
  3742 | D:4      | Noticed Kemay's ghost (experienced OpTm)
  3766 | D:4      | Killed Kemay's ghost
  3966 | D:4      | Reached skill level 7 in Unarmed Combat
  4093 | D:4      | Reached XP level 8. HP: 41/48 MP: 11/11
  4476 | D:5      | Entered Level 5 of the Dungeon
  4592 | D:5      | Noticed Dowan
  4593 | D:5      | Noticed Duvessa
  4600 | D:5      | Killed Dowan
  4610 | D:5      | HP: 2/48 [Duvessa/short sword (3)]
  4614 | D:5      | Killed Duvessa
  4941 | D:5      | Learned a level 5 spell: Blade Hands
  5362 | D:5      | Reached skill level 8 in Unarmed Combat
  6060 | D:5      | Noticed Grinder
  6069 | D:5      | Killed Grinder
  6069 | D:5      | Reached XP level 9. HP: 50/53 MP: 12/12
  6099 | D:5      | Found a glowing golden altar of the Shining One.
  6821 | D:6      | Reached skill level 9 in Unarmed Combat
  7142 | D:6      | Found an ancient bone altar of Kikubaaqudgha.
  7207 | D:6      | Mangled by an orc warrior

Action                   |  1- 3 |  4- 6 |  7- 9 || total
-------------------------+-------+-------+-------++-------
Melee: Unarmed           |    42 |       |       ||    42
       Dagger            |    18 |   112 |   208 ||   338
       Halberd           |       |     6 |    25 ||    31
       Flail             |       |       |     3 ||     3
 Cast: Beastly Appendage |    18 |    22 |       ||    40
 Abil: End Transformatio |     2 |     3 |       ||     5
  Use: Scroll            |     7 |     4 |     4 ||    15
       Potion            |       |     3 |     7 ||    10
 Stab: Sleeping          |     2 |     4 |     4 ||    10
  Eat: Chunk             |     1 |     6 |    11 ||    18
       Pizza             |       |     1 |       ||     1
       Fruit             |       |       |     2 ||     2
